 Dungeon Crawl Stone Soup version 0.29-a0-609-gb56f46d856 (webtiles) character file.

Game seed: 14470553231786948824

77 Ijustatesigmund the Digger (level 4, 0/32 HPs)
             Began as a Gnoll Earth Elementalist on June 16, 2022.
             Slain by Terence
             ... wielding a +0 hand axe
              (5 damage)
             ... on level 3 of the Dungeon.
             The game lasted 00:03:50 (1656 turns).

Ijustatesigmund the Digger (GnEE)                   Turns: 1656, Time: 00:03:51

Health: 0/32       AC:  2    Str:  7    XL:     4   Next: 33%
Magic:  7/11       EV: 10    Int: 16    God:
Gold:   70         SH:  0    Dex: 13    Spells: 7/13 levels left

rFire   . . .      SeeInvis .   c - +0 mace
rCold   . . .      Faith    .   (no shield)
rNeg    . . .      Spirit   .   a - +0 robe
rPois   .          Reflect  .   (no helmet)
rElec   .          Harm     .   (no cloak)
rCorr   .          Rampage  .   (no gloves)
Will    .....                   (no boots)
Stlth   +++.......              (no amulet)
HPRegen 0.10/turn               (no ring)
MPRegen 0.12/turn               (no ring)

@: hasted, constricted, very quick
A: fangs 1, strong nose, distributed training
a: no special abilities


You were on level 3 of the Dungeon.
You visited 1 branch of the dungeon, and saw 3 of its levels.

You collected 70 gold pieces.

Inventory:

Hand Weapons
 c - a +0 mace (weapon)
Armour
 a - a +0 robe (worn)
Jewellery
 d - a ring of resist corrosion
Potions
 b - a potion of magic
 f - 2 potions of curing
 h - a potion of lignification
 j - a potion of brilliance {unknown}


   Skills:
 + Level 1.1 Fighting
 + Level 1.1 Short Blades
 + Level 1.1 Long Blades
 + Level 1.1 Axes
 + Level 1.1 Maces & Flails
 + Level 1.1 Polearms
 + Level 1.1 Staves
 + Level 1.1 Slings
 + Level 1.1 Bows
 + Level 1.1 Crossbows
 + Level 1.1 Throwing
 + Level 1.1 Armour
 + Level 4.6 Dodging
 + Level 4.2 Stealth
 + Level 1.1 Shields
 + Level 1.1 Unarmed Combat
 + Level 5.0 Spellcasting
 + Level 0.8 Conjurations
 + Level 0.8 Hexes
 + Level 0.8 Summonings
 + Level 0.8 Necromancy
 + Level 0.8 Translocations
 + Level 2.2 Transmutations
 + Level 0.8 Fire Magic
 + Level 0.8 Ice Magic
 + Level 0.8 Air Magic
 + Level 5.4 Earth Magic
 + Level 0.8 Poison Magic
 + Level 1.2 Invocations
 + Level 1.1 Evocations


You had 7 spell levels left.
You knew the following spells:

 Your Spells              Type           Power      Damage    Failure   Level
a - Sandblast             Erth           42%        2d11      1%          1
b - Passwall              Tmut/Erth      13%        N/A       4%          2
c - Stone Arrow           Conj/Erth      28%        3d8       12%         3

Your spell library contained the following spells:

 Spells                   Type           Power      Damage    Failure   Level
 Petrify                  Tmut/Erth      16%        N/A       30%         4


Dungeon Overview and Level Annotations

Branches:
Dungeon (3/15)

Altars:

Shops:
D:2 =

Annotations:
D:2 Sigmund
D:3 Terence


Innate Abilities, Weirdness & Mutations

You have very sharp teeth.
Your uncanny sense of smell can sniff out nearby items.
Your experience applies equally to all skills.


Message History

Confirm with . or Enter, or press ? or * to list all spells.
Aiming: Sandblast (safe; 1% risk of failure)
Press: ? - help, Shift-Dir - straight line, f/p - Terence
Aim: Terence, wielding a +0 hand axe and wearing a +0 scale mail (83% to hit)
The blast of sand hits Terence but does no damage.
The ball python hisses angrily.
Terence shouts, "Get ready for death!"
Terence misses you.
Casting: Sandblast (safe; 1% risk of failure)
Confirm with . or Enter, or press ? or * to list all spells.
Aiming: Sandblast (safe; 1% risk of failure)
Press: ? - help, Shift-Dir - straight line, f/p - Terence
Aim: Terence, wielding a +0 hand axe and wearing a +0 scale mail (83% to hit)
The blast of sand hits Terence but does no damage.
Terence hits you with a +0 hand axe. Terence hits you with a +0 hand axe!
Casting: Sandblast (safe; 1% risk of failure)
Confirm with . or Enter, or press ? or * to list all spells.
Aiming: Sandblast (safe; 1% risk of failure)
Press: ? - help, Shift-Dir - straight line, f/p - Terence
Aim: Terence, wielding a +0 hand axe and wearing a +0 scale mail (83% to hit)
The blast of sand hits Terence but does no damage.
Terence closely misses you. Terence hits you with a +0 hand axe.
The ball python bites you. The ball python closely misses you.
Casting: Sandblast (safe; 1% risk of failure)
Confirm with . or Enter, or press ? or * to list all spells.
Aiming: Sandblast (safe; 1% risk of failure)
Press: ? - help, Shift-Dir - straight line, f/p - Terence
Aim: Terence, wielding a +0 hand axe and wearing a +0 scale mail (83% to hit)
The blast of sand hits Terence.
Terence is lightly wounded.
Terence hits you with a +0 hand axe. The ball python barely misses you.
The ball python grabs you. The ball python constricts you.
Terence hits you with a +0 hand axe.
* * * LOW HITPOINT WARNING * * *
The ball python barely misses you. The ball python constricts you.
* * * LOW HITPOINT WARNING * * *
You aren't carrying any scrolls.
Unknown command.
You feel yourself speed up. Terence hits you with a +0 hand axe.
You die...

..?...>......# ##....
.............# #.....
#............######.....
#......................
#...........#######.###
.............# ##...#
... #.....######..###
#...##.#.........######
#...@###.#....##...##
####@S.#.............
#...>.............
$.................
(.................
..#................
..#................ #.$
................
................


You could see Terence and a ball python.

Vanquished Creatures
  5 adders
  4 endoplasms
  A giant cockroach (D:3)
  2 hobgoblins
  6 jackals (D:1)
  2 ball pythons (D:1)
  4 bats
  5 frilled lizards
  2 kobolds
  3 rats
34 creatures vanquished.

Vanquished Creatures (others)
  A fungus (D:3)
1 creature vanquished.

Grand Total: 35 creatures vanquished

Notes
Turn   | Place    | Note
-------+----------+-------------------------------------------
     0 | D:1      | Ijustatesigmund the Gnoll Earth Elementalist began the
                  | quest for the Orb.
     0 | D:1      | Reached XP level 1. HP: 13/13 MP: 6/6
   230 | D:1      | Reached XP level 2. HP: 19/19 MP: 5/7
   529 | D:1      | Found a faded altar of an unknown god.
   944 | D:2      | Reached skill level 5 in Spellcasting
   944 | D:2      | Reached XP level 3. HP: 16/25 MP: 6/9
   947 | D:2      | Learned a level 2 spell: Passwall
   951 | D:2      | Learned a level 3 spell: Stone Arrow
  1069 | D:2      | Found Hizxaith's Jewellery Emporium.
  1094 | D:2      | Noticed Sigmund
  1162 | D:3      | Reached skill level 1 in Invocations
  1231 | D:3      | Reached skill level 1 in Fighting
  1231 | D:3      | Reached skill level 1 in Short Blades
  1231 | D:3      | Reached skill level 1 in Long Blades
  1231 | D:3      | Reached skill level 1 in Axes
  1231 | D:3      | Reached skill level 1 in Maces & Flails
  1231 | D:3      | Reached skill level 1 in Polearms
  1231 | D:3      | Reached skill level 1 in Staves
  1231 | D:3      | Reached skill level 1 in Slings
  1231 | D:3      | Reached skill level 1 in Bows
  1231 | D:3      | Reached skill level 1 in Crossbows
  1231 | D:3      | Reached skill level 1 in Throwing
  1231 | D:3      | Reached skill level 1 in Armour
  1231 | D:3      | Reached skill level 1 in Shields
  1231 | D:3      | Reached skill level 1 in Unarmed Combat
  1231 | D:3      | Reached skill level 1 in Evocations
  1233 | D:3      | Reached XP level 4. HP: 24/32 MP: 6/11
  1648 | D:3      | Noticed Terence
  1656 | D:3      | Slain by Terence

Illustrated notes

Levels and vault maps discovered:
D:1:      scummos_arrival_gate, layout_basic,
          hellmonk_ecumenical_altar_crossroads, serial_park_tiny_2,
          chequers_serial_rivers_room_a
D:2:      layout_basic, basic_altar, serial_shops, nicolae_shop_hallway_plus,
          shop, nicolae_shop_statue_plus, kennysheep_jessica_study, uniq_sigmund
D:3:      layout_rooms, serial_bayou_pond_d, uniq_crazy_yiuf_cottage,
          uniq_terence, uniq_jessica

Skill      XL: |  1  2  3 |
---------------+----------+-----
Transmutations | 2 |  2.2
Spellcasting   | 5 |  5.0
Invocations    | 1 |  1.2
Fighting       | 1 |  1.1
Short Blades   | 1 |  1.1
Long Blades    | 1 |  1.1
Axes           | 1 |  1.1
Maces & Flails | 1 |  1.1
Polearms       | 1 |  1.1
Staves         | 1 |  1.1
Slings         | 1 |  1.1
Bows           | 1 |  1.1
Crossbows      | 1 |  1.1
Throwing       | 1 |  1.1
Armour         | 1 |  1.1
Shields        | 1 |  1.1
Unarmed Combat | 1 |  1.1
Evocations     | 1 |  1.1
Dodging        | |  4.6
Stealth        | |  4.2
Conjurations   | |  0.8
Hexes          | |  0.8
Summonings     | |  0.8
Necromancy     | |  0.8
Translocations | |  0.8
Fire Magic     | |  0.8
Ice Magic      | |  0.8
Air Magic      | |  0.8
Earth Magic    | |  5.4
Poison Magic   | |  0.8

Action                   |  1- 3 |  4- 6 || total
-------------------------+-------+-------++-------
Melee: Mace              |    28 |     8 ||    36
       Bite              |     1 |       ||     1
 Cast: Sandblast         |    31 |    10 ||    41
  Use: Scroll            |     4 |     3 ||     7
       Potion            |     1 |     1 ||     2
 Stab: Sleeping          |     1 |       ||     1
Armor: Robe              |    21 |     1 ||    22
Dodge: Dodged            |    56 |    12 ||    68

Table legend: (Time is in decaauts)
 A = Elapsed time spent in this place.
 B = Non-inter-level travel time spent in this place.
 C = Inter-level travel time spent in this place.
 D = Time resting spent in this place.
 E = Time spent auto-exploring this place.
 F = Levels seen in this place.
 G = Mean time per level.
                   A        B        C        D        E       F      G
               +--------+--------+--------+--------+--------+-----+--------+
         Total |   1709 |   1662 |     47 |    292 |   1033 |   3 |  569.7 |
       Dungeon |   1709 |   1662 |     47 |    292 |   1033 |   3 |  569.7 |
               +--------+--------+--------+--------+--------+-----+--------+

Top non-repeatable levels by time:
     D:1: 876 daAuts
     D:3: 529 daAuts
     D:2: 303 daAuts
